 Dungeon Crawl Stone Soup version 0.31-a0-844-gdc52ec4e09 (webtiles) character file.

Game seed: 6095675667134621640

10098 Getoffmy the Destroyer (level 11, 0/92 HPs)
             Began as a White Draconian Conjurer on Oct 1, 2023.
             Was a Follower of Vehumet.
             Slain by a rime drake (4 damage)
             ... on level 2 of the Lair of Beasts.
             The game lasted 00:46:36 (13625 turns).

Getoffmy the Destroyer (White Draconian Conjurer)  Turns: 13625, Time: 00:46:37

Health: 0/92       AC: 11    Str:  9    XL:     11   Next: 31%
Magic:  1/24       EV: 12    Int: 23    God:    Vehumet [*.....]
Gold:   79         SH:  0    Dex: 10    Spells: 15/29 levels left

rFire   . . .        c - staff of conjuration
rCold   + + .        (no shield)
rNeg    . . .        (body armour unavailable)
rPois   .            (helmet restricted)
rElec   .            (no cloak)
rCorr   .            (no gloves)
SInv    +            I - +3 pair of mountain boots {steadfast, rC+}
Will    .....        g - amulet of regeneration
Stlth   ++           u - ring of wizardry
HPRegen 1.15/turn    C - ring of see invisible
MPRegen 0.19/turn

%: wizardry (x1)
@: no status effects
A: breathe frost, AC +7, unfitting armour, cold resistance 1, cold-blooded
a: Breathe Frost, Renounce Religion


You were on level 2 of the Lair of Beasts.
You worshipped Vehumet.
Vehumet was aware of your devotion.
You visited 3 branches of the dungeon, and saw 12 of its levels.

You collected 429 gold pieces.
You spent 350 gold pieces at shops.

Inventory:

Hand Weapons
 a - a +3 trident of draining
 r - a +1 dagger of flaming
 D - a +0 dagger
Missiles
 f - 15 poisoned darts
 h - 80 stones
 s - a throwing net
Armour
 E - an orb of guile
 I - the +3 pair of mountain boots (worn) {steadfast, rC+}
   (You found it on level 7 of the Dungeon)

   Steadfast: It prevents involuntary movement, except for blinking,
   teleportation, or banishment.
   rC+:       It protects you from cold.
Magical Staves
 c - a staff of conjuration (weapon)
 p - a staff of air
Jewellery
 d - an amulet of guardian spirit
 g - an amulet of regeneration (around neck)
 u - a ring of wizardry (left hand)
 z - a ring of resist corrosion
 C - a ring of see invisible (right hand)
 G - an amulet of the acrobat
Wands
 l - a wand of flame (7)
 F - a wand of iceblast (11)
 K - a wand of charming (20)
 L - a wand of acid (5)
 M - a wand of mindburst (17)
Scrolls
 b - 4 scrolls of identify
 e - 2 scrolls of enchant weapon
 i - 3 scrolls of noise
 m - a scroll of teleportation
 q - a scroll of poison
 t - 2 scrolls of enchant armour
 v - 2 scrolls of revelation
 x - 2 scrolls of vulnerability
 y - a scroll of fear
 B - 5 scrolls of fog
Potions
 k - a potion of might
 n - a potion of lignification
 o - a potion of ambrosia
 w - 3 potions of curing
 A - a potion of invisibility
 H - 3 potions of heal wounds {unknown}
 J - a potion of brilliance {unknown}


   Skills:
 * Level 7.1 Fighting
 - Level 1.7 Dodging
 - Level 1.7 Stealth
 + Level 9.5 Spellcasting
 + Level 13.8 Conjurations


You had 15 spell levels left.
You knew the following spells:

 Your Spells              Type           Power      Damage    Failure   Level
a - Magic Dart            Conj           100%       1d8       0%          1
b - Searing Ray           Conj           100%       2d8       1%          2
c - Dazzling Flash        Conj/Hex       100%       N/A       1%          3
d - Fulminant Prism       Conj/Hex       29%        3d13      1%          4
e - Iskenderun's Mystic   Conj/Tloc      59%        2d12      1%          4

Your spell library contained the following spells:

 Spells                   Type           Power      Damage    Failure   Level
 Sandblast                Erth           20%        2d7       2%          1
 Flame Wave               Conj/Fire      59%        2d14      1%          4
 Sticky Flame             Conj/Fire      59%        2d7       1%          4
 Necrotise                Necr           40%        1d6       2%          1
 Lesser Beckoning         Tloc           20%        N/A       3%          2
 Gell's Gravitas          Tloc           10%        N/A       8%          3
 Ignite Poison            Fire/Tmut/Pois 10%        N/A       8%          3
 Inner Flame              Hex/Fire       10%        N/A       8%          3
 Summon Guardian Golem    Hex/Summ       10%        N/A       8%          3
 Teleport Other           Tloc           10%        N/A       8%          3
 Vampiric Draining        Necr           10%        2d6       8%          3
 Volatile Blastmotes      Fire/Tloc      20%        2d11      8%          3
 Starburst                Conj/Fire      29%        6d9       21%         6
 Dispel Undead            Necr           10%        3d9       24%         4
 Manifold Assault         Tloc           10%        N/A       24%         4
 Agony                    Necr           10%        N/A       52%         5
 Summon Forest            Summ/Tloc      5%         N/A       52%         5
 Summon Mana Viper        Hex/Summ       10%        N/A       52%         5
 Dispersal                Tloc           5%         N/A       97%         6
 Disjunction              Tloc           5%         N/A       100%        8
 Ignition                 Fire           5%         3d4       100%        8
 Maxwell's Capacitive Co  Air            5%         ∞         100%        8


Dungeon Overview and Level Annotations

Branches:
Dungeon (9/15)             Temple (1/1) D:7            Lair (2/5) D:8
  Swamp: Lair:2-3    Shoals: Lair:2-3     Snake: Lair:2-3    Spider: Lair:2-3
    Orc: D:9-12

Altars:
Ashenzari
Cheibriados
Dithmenos
Elyvilon
Fedhas
Hepliaklqana
Kikubaaqudgha
Makhleb
Nemelex Xobeh
Okawaru
Qazlal
Ru
Sif Muna
Trog
Vehumet
Wu Jian
Xom
Yredelemnul
Zin
The Shining One

Shops:
D:4 (   D:9 (


Innate Abilities, Weirdness & Mutations

You can breathe waves of freezing cold which knock back foes.
Your icy white scales are hard. (AC +7)
You cannot fit into any form of body armour.
Your flesh is cold resistant. (rC+)
You are cold-blooded and may be slowed by cold attacks.


Message History

The komodo dragon is moderately wounded.
The rime drake hisses angrily.
You hear a loud, deep croak!
You hear an angry hiss.
You hear a bellow!
Casting: Fulminant Prism (mildly dangerous; 1% risk of failure)
Confirm with . or Enter, or press ? or * to list all spells.
Aiming: Searing Ray (safe; 1% risk of failure)
Press: ? - help, Shift-Dir - straight line, f - komodo dragon
Aim: a komodo dragon (moderately wounded, 87% to hit)
You feel a surge of power!
The searing ray hits the komodo dragon!
The komodo dragon is severely wounded. (Press . to maintain the ray.) Unknown command.
The searing ray hits the komodo dragon.
The komodo dragon is severely wounded.
The komodo dragon bites you.
The searing ray hits the komodo dragon!
The komodo dragon is almost dead.
The komodo dragon bites you!!
The searing ray misses the komodo dragon.
You finish channelling your searing ray.
The komodo dragon bites you!! The komodo dragon barely misses you.
Casting: Searing Ray (safe; 1% risk of failure)
Confirm with . or Enter, or press ? or * to list all spells.
Aiming: Searing Ray (safe; 1% risk of failure)
Press: ? - help, Shift-Dir - straight line, f/p - komodo dragon
Aim: a komodo dragon (severely wounded, 87% to hit)
You feel a surge of power!
The searing ray hits the komodo dragon.
The komodo dragon is almost dead.
The searing ray hits the rime drake!
The rime drake is moderately wounded. (Press . to maintain the ray.)
The komodo dragon bites you!!
* * * LOW HITPOINT WARNING * * *
Without enough magic to sustain it, your searing ray dissipates.
The rime drake closely misses you. The komodo dragon bites you!!
* * * LOW HITPOINT WARNING * * *
Unknown command.
The rime drake bites you.
You die...

#...............#
##....###.......#
#..P##P#..##...#
#..##.....# ...#
#.......... ...#
##..##....>.. .l#
#...# .....#.
##k..# . #@l..#
###$..# ##...P
P...# ###..S§.
#..... .....l..
#...............
#...............
#...............
.........k.....
#PP....<


You could see a komodo dragon and a rime drake.

Vanquished Creatures
  A two-headed ogre (D:8)
  Pikel (D:8)
  4 cane toads (Lair:1)
  Jeremiah (D:6)
  2 komodo dragons
  2 rime drakes
  A hornet (D:8)
  2 blink frogs (Lair:2)
  Sigmund (D:3)
  A wyvern (Lair:1)
  7 yaks
  A steam dragon (D:7)
  2 basilisks (Lair:1)
  Grum (D:8)
  Menkaure (D:6)
  8 water moccasins
  An ice beast (D:7)
  2 sky beasts (D:6)
  3 ogres
  3 centaurs
  6 wolves
  A lemure (D:8)
  A phantom (D:6)
  A kobold brigand (D:7)
  A gnoll sergeant (D:6)
  4 bullfrogs
  8 wights
  A scorpion (D:5)
  A howler monkey (D:4)
  6 hounds
  3 orc priests
  A sleepcap (D:5)
  Jessica (D:3)
  4 iguanas
  Natasha (thrice) (D:2 D:1)
  9 orc wizards
  8 gnolls
  9 adders
  2 white imps
  4 ufetubi
  2 worms
  3 dart slugs
  29 orcs
  9 endoplasms
  2 giant cockroaches
  7 goblins
  9 hobgoblins
  5 jackals
  3 quokkas
  7 ball pythons
  2 bats (D:1)
  10 kobolds
  6 rats
213 creatures vanquished.

Vanquished Creatures (others)
  A white imp (D:7)
  An orc (D:7)
  51 fulminant prisms
53 creatures vanquished.

Grand Total: 266 creatures vanquished

Notes
Turn   | Place    | Note
-------+----------+-------------------------------------------
     0 | D:1      | Getoffmy the Draconian Conjurer began the quest for the
                  | Orb.
     0 | D:1      | Reached XP level 1. HP: 14/14 MP: 3/3
   354 | D:1      | Reached XP level 2. HP: 16/20 MP: 3/5
  1279 | D:2      | Noticed Natasha
  1477 | D:1      | Learned a level 2 spell: Searing Ray
  1495 | D:2      | Reached XP level 3. HP: 26/26 MP: 1/6
  1696 | D:2      | Killed Natasha
  1697 | D:2      | Reached skill level 5 in Conjurations
  1699 | D:2      | Noticed Natasha
  1712 | D:1      | Killed Natasha
  1713 | D:1      | Reached XP level 4. HP: 31/33 MP: 0/8
  2020 | D:1      | Noticed Natasha
  2025 | D:1      | Killed Natasha
  2264 | D:2      | Reached XP level 5. HP: 38/38 MP: 1/9
  2511 | D:2      | Found Pebim's Magic Scroll Boutique.
  2556 | D:2      | Bought 2 scrolls of identify for 56 gold pieces
  2556 | D:2      | Bought a scroll of noise for 14 gold pieces
  2648 | D:3      | Noticed Sigmund
  2687 | D:3      | Learned a level 3 spell: Dazzling Flash
  2968 | D:3      | Reached skill level 6 in Conjurations
  3282 | D:3      | Noticed Jessica
  3287 | D:3      | Killed Jessica
  3427 | D:4      | Reached XP level 6. HP: 45/45 MP: 2/11
  3499 | D:4      | Learned a level 4 spell: Fulminant Prism
  4144 | D:4      | Found Gatoir's Weapon Shoppe.
  4316 | D:4      | Found a glowing golden altar of the Shining One.
  4365 | D:5      | Entered Level 5 of the Dungeon
  4442 | D:5      | Reached skill level 7 in Conjurations
  4634 | D:5      | Your scales start taking on an icy white colour.
  4634 | D:5      | Reached XP level 7. HP: 40/50 MP: 8/13
  4634 | D:5      | Gained mutation: Your flesh is cold resistant. (rC+) [White
                  | Draconian growth]
  4829 | D:5      | Learned a level 4 spell: Iskenderun's Mystic Blast
  4863 | D:5      | Noticed a komodo dragon
  4927 | D:5      | Reached skill level 8 in Conjurations
  4995 | D:5      | Reached skill level 5 in Spellcasting
  5253 | D:5      | Reached XP level 8. HP: 57/57 MP: 9/15
  5546 | D:5      | Reached skill level 9 in Conjurations
  5721 | D:5      | Killed a komodo dragon
  5875 | D:6      | Noticed Jeremiah
  6067 | D:6      | Reached skill level 10 in Conjurations
  6524 | D:6      | Reached XP level 9. HP: 60/62 MP: 11/18
  6744 | D:6      | Killed Jeremiah
  6745 | D:6      | Reached skill level 11 in Conjurations
  7261 | D:6      | Noticed Menkaure
  7267 | D:6      | Killed Menkaure
  7422 | D:6      | Found a glowing silver altar of Zin.
  7425 | D:6      | Found a shadowy altar of Dithmenos.
  7429 | D:6      | Found an iron altar of Okawaru.
  7915 | D:7      | Got a quivering book
  8179 | D:7      | Found the +3 pair of mountain boots {steadfast, rC+}
  8836 | D:7      | Found a staircase to the Ecumenical Temple.
  8853 | D:7      | Found a basalt altar of Yredelemnul.
  8860 | Temple   | Entered the Ecumenical Temple
  8896 | Temple   | Became a worshipper of Vehumet
  9000 | D:7      | Found an ancient bone altar of Kikubaaqudgha.
  9000 | D:7      | Found a blossoming altar of Fedhas.
  9583 | D:8      | Reached skill level 12 in Conjurations
  9722 | D:8      | Noticed Grum
  9727 | D:8      | Killed Grum
  9727 | D:8      | Noticed Pikel
  9735 | D:8      | Reached XP level 10. HP: 69/69 MP: 7/22
  9737 | D:8      | Killed Pikel
  9740 | D:8      | Noticed a two-headed ogre
  9870 | D:8      | Killed a two-headed ogre
  9871 | D:8      | Reached skill level 13 in Conjurations
 10263 | D:3      | Killed Sigmund
 10264 | D:3      | Reached skill level 1 in Fighting
 10498 | D:2      | Bought 3 scrolls of identify for 84 gold pieces
 10498 | D:2      | Bought a scroll of teleportation for 42 gold pieces
 10498 | D:2      | Bought a scroll of fog for 56 gold pieces
 10498 | D:2      | Bought a scroll of vulnerability for 56 gold pieces
 10498 | D:2      | Bought a scroll of teleportation for 42 gold pieces
 10615 | D:8      | Noticed a deep elf pyromancer
 10615 | D:8      | Noticed a manticore
 10616 | D:8      | Noticed a centaur warrior
 10717 | D:8      | Found a staircase to the Lair.
 10780 | D:8      | HP: 2/71 [komodo dragon (25)]
 11122 | D:8      | Noticed a five-headed hydra
 11132 | D:8      | Noticed a cyclops
 11132 | D:8      | a cyclops changed into an eye of devastation
 11132 | D:8      | Noticed an eye of devastation (shapeshifter)
 11355 | D:8      | Noticed an ettin
 11367 | D:8      | Noticed a guardian serpent
 11411 | D:9      | Found Niequodavo's Weapon Shop.
 11715 | Lair:1   | Entered Level 1 of the Lair of Beasts
 11796 | Lair:1   | Noticed a cane toad
 11805 | Lair:1   | Killed a cane toad
 11874 | Lair:1   | Reached * piety under Vehumet
 11874 | Lair:1   | Offered knowledge of Sandblast by Vehumet.
 12065 | Lair:1   | Reached skill level 5 in Fighting
 12296 | Lair:1   | Reached XP level 11. HP: 80/88 MP: 5/24
 12803 | Lair:1   | Noticed a death yak
 12808 | Lair:1   | Noticed a death yak
 12815 | Lair:1   | Noticed a death yak
 13418 | Lair:1   | Noticed a death yak
 13624 | Lair:2   | HP: 2/92 [komodo dragon (21)]
 13625 | Lair:2   | Slain by a rime drake

Illustrated notes

Levels and vault maps discovered:
D:1:      grunt_arrival_crossed_arrows, layout_loops_corners
D:2:      layout_rooms, serial_shops, nicolae_diamond_shop, uniq_natasha
D:3:      layout_basic, serial_curves, eino_curves_01, eino_curves_01,
          eino_curves_04, eino_curves_04, uniq_sigmund, uniq_jessica
D:4:      layout_rooms, tso_altar, serial_shops, nicolae_shop_waterfront
D:5:      layout_rooms, minmay_manual_mandibuliform
D:6:      layout_cave_pools, grunt_temple_overflow_diamond, serial_column_ruins,
          column_ruins_grid_1, column_ruins_open_tiny, column_ruins_grid_3,
          column_ruins_open_tiny, uniq_jeremiah, uniq_menkaure
D:7:      layout_loops_ring, grunt_temple_overflow_growth_and_decay,
          mainiacjoe_overflow_cross_hatched,
          minmay_temple_entry_statues_pillars, lightli_orcish_oven
D:8:      layout_rooms, david_lair_shrubbed, minivault_12, uniq_grum, uniq_pikel
D:9:      layout_loops_corners, nicolae_gozag_zags_fifth_avenue, orc_0_dummy,
          serial_shops, nicolae_shop_tiny_glass, kennysheep_generic_room_3
Temple:   oiseaux_autumnal_temple
Lair:1:   layout_gridlike, dreamdust_deal_with_the_devil
Lair:2:   layout_regular_city, nicolae_spider_entry_non_spiders,
          grunt_megastairs_1, lemuel_fruit_fields

Skill      XL: |  1  2  3  4  5  6  7  8  9 10 11 |
---------------+----------------------------------+-----
Conjurations   | 5 6 7 8 10 12 13 | 13.8
Spellcasting   | 3 4 5 6 8 9 |  9.5
Fighting       | 5 7 |  7.1
Dodging        | |  1.7
Stealth        | |  1.7

Action                     |  1- 3 |  4- 6 |  7- 9 | 10-12 || total
---------------------------+-------+-------+-------+-------++-------
  Melee: Staff             |     1 |     1 |     2 |     1 ||     5
         Tailslap          |       |       |     1 |       ||     1
   Cast: Magic Dart        |    50 |    87 |    95 |    49 ||   281
         Searing Ray       |     2 |    14 |    45 |    45 ||   106
         Fulminant Prism   |       |       |    24 |    27 ||    51
         Dazzling Flash    |       |       |       |     5 ||     5
  Evoke: Wand              |       |       |     6 |       ||     6
    Use: Scroll            |       |     5 |       |    17 ||    22
         Potion            |       |       |     1 |       ||     1
   Stab: Sleeping          |       |       |     1 |       ||     1
 Armour: Skin              |    22 |    23 |   142 |   144 ||   331
  Dodge: Dodged            |    16 |    33 |   157 |    82 ||   288

Table legend: (Time is in decaauts)
 A = Elapsed time spent in this place.
 B = Non-inter-level travel time spent in this place.
 C = Inter-level travel time spent in this place.
 D = Time resting spent in this place.
 E = Time spent auto-exploring this place.
 F = Levels seen in this place.
 G = Mean time per level.
                   A        B        C        D        E       F      G
               +--------+--------+--------+--------+--------+-----+--------+
         Total |  13663 |  12502 |   1161 |   5481 |   4786 |  12 | 1138.6 |
       Dungeon |  11938 |  10923 |   1015 |   4772 |   4449 |   9 | 1326.4 |
        Temple |     64 |      2 |     62 |      0 |      0 |   1 |   64.0 |
          Lair |   1659 |   1575 |     84 |    709 |    337 |   2 |  829.5 |
               +--------+--------+--------+--------+--------+-----+--------+

Top non-repeatable levels by time:
     D:7: 2079 daAuts
     D:5: 2027 daAuts
     D:1: 1843 daAuts
     D:8: 1591 daAuts
  Lair:1: 1447 daAuts
     D:4: 1116 daAuts
     D:6: 1080 daAuts
     D:2: 1022 daAuts
     D:3: 907 daAuts
     D:9: 270 daAuts
  Lair:2: 212 daAuts
  Temple: 64 daAuts
